 Dungeon Crawl Stone Soup version 0.27-a0-394-g49c82dfaf2 (webtiles) character file.

Game seed: 5427748369962389390

101115 SkeletonJelly the Severer (level 16, -2/157 HPs)
             Began as a Naga Berserker on Feb 20, 2021.
             Was a High Priest of Trog.
             Slain by a tengu warrior
             ... wielding a +0 battleaxe
              (6 damage)
             ... on level 15 of the Dungeon.
             The game lasted 00:55:20 (26188 turns).

SkeletonJelly the Severer (Naga Berserker)         Turns: 26188, Time: 00:55:21

Health: -2/157     AC: 23    Str: 31    XL:     16   Next: 29%
Magic:  16/16      EV: 11    Int: 11    God:    Trog [*****.]
Gold:   1708       SH:  0    Dex: 12    Spells: 15/15 levels left

rFire    + + .     SeeInvis +   P - +9 executioner's axe (flame)
rCold    + . .     Faith    .   (shield currently unavailable)
rNeg     . . .     Spirit   .   e - +0 acid dragon scales
rPois    +         Reflect  .   F - +0 helmet
rElec    .         Harm     .   i - +2 cloak {Stlth+}
rCorr    +         Rampage  .   y - +0 pair of gloves
Will     ++++.                  Y - +0 barding
Stlth    +++.......             W - amulet of the Tormentor {Acrobat rF+ rC+ Int+3 SInv}
HPRegen  1.36/turn              f - +6 ring of strength
MPRegen  0.15/turn              S - ring of protection from fire

@: very slightly contaminated, regenerating, invisible, very slow
A: large, see invisible, deformed body, poison resistance, slowness 2, spit
poison 1, subdued magic 1, constrict 1, AC +5
a: Spit Poison, Renounce Religion, Berserk, Trog's Hand, Brothers in Arms


You were on level 15 of the Dungeon.
You worshipped Trog.
Trog was extremely pleased with you.
You visited 4 branches of the dungeon, and saw 24 of its levels.

You collected 2692 gold pieces.
You spent 984 gold pieces at shops.

Inventory:

Hand Weapons
 a - the +2 battleaxe of Red Wine {vorpal, rF+}
   (Trog gifted it to you on level 6 of the Lair of Beasts)

   It inflicts extra damage upon your enemies.
   It protects you from fire.
 P - a +9 executioner's axe of flaming (weapon)
 X - a +0 broad axe
Missiles
 q - 8 throwing nets
Armour
 e - +0 acid dragon scales (worn)
 i - a +2 cloak of stealth (worn)
 y - a +0 pair of gloves (worn)
 F - a +0 helmet (worn)
 Y - a +0 barding (worn)
Jewellery
 c - a +6 ring of dexterity
 d - a ring of protection from cold
 f - a +6 ring of strength (left hand)
 S - a ring of protection from fire (right hand)
 W - the amulet of the Tormentor (around neck) {Acrobat rF+ rC+ Int+3 SInv}
   (You bought it in a shop on level 2 of the Orcish Mines)

   [amulet of the acrobat]

   It helps you evade while moving and waiting.
   It affects your intelligence (+3).
   It protects you from fire.
   It protects you from cold.
   It lets you see invisible.
Wands
 b - a wand of flame (72)
 x - a wand of iceblast (20)
 D - a wand of digging (3)
 E - a wand of acid (16)
 M - a wand of paralysis (6)
 O - a wand of charming (6)
 R - a wand of mindburst (5)
 V - a wand of polymorph (31)
Scrolls
 h - 6 scrolls of enchant armour
 l - 18 scrolls of teleportation
 n - 4 scrolls of magic mapping
 p - 3 scrolls of blinking
 s - 13 scrolls of identify
 u - 4 scrolls of enchant weapon
 G - a scroll of acquirement {unknown}
 J - 2 scrolls of holy word
 Q - 3 scrolls of fog {unknown}
Potions
 g - 4 potions of invisibility
 j - 4 potions of heal wounds {unknown}
 k - 2 potions of mutation {unknown}
 m - 3 potions of berserk rage {unknown}
 o - 5 potions of flight {unknown}
 r - 3 potions of resistance {unknown}
 t - 2 potions of haste {unknown}
 v - 5 potions of brilliance {unknown}
 w - 6 potions of ambrosia {unknown}
 z - 6 potions of might
 B - a potion of magic {unknown}
 C - 5 potions of lignification {unknown}
 H - a potion of experience {unknown}
 I - 4 potions of cancellation {unknown}
 K - 5 potions of curing {unknown}
 L - 15 potions of degeneration
 T - 3 potions of attraction {unknown}
Miscellaneous
 A - a phial of floods
 N - a tin of tremorstones (2/2)
 U - a lightning rod (4/4)


   Skills:
 + Level 13.3 Fighting
 * Level 19.0 Axes
 + Level 10.1 Armour
 + Level 8.5 Dodging
 - Level 8.0 Stealth


You had 15 spell levels left.
You didn't know any spells.
Your spell library was empty.

Dungeon Overview and Level Annotations

Branches:
Dungeon (15/15)            Temple (1/1) D:4            Lair (6/6) D:10
  Swamp (0/4) Lair:3        Snake (0/4) Lair:2        Slime (0/5) Lair:5
    Orc (2/2) D:11            Elf (0/3) Orc:2        Vaults (0/5) D:14
 Depths (0/5) D:15

Altars:
Ashenzari
Cheibriados
Dithmenos
Elyvilon
Fedhas
Gozag
Hepliaklqana
Kikubaaqudgha
Makhleb
Nemelex Xobeh
Okawaru
Qazlal
Ru
Sif Muna
Trog
Uskayaw
Vehumet
Wu Jian
Xom
Yredelemnul
Zin
The Shining One
Beogh
Jiyva
Lugonu

Shops:
D:8 !   D:11 ?::![   Orc:2 *[?=

Portals:
Pandemonium: Orc:2

Annotations:
D:5 2 transporters, D12ThenQuit's ghost, weakling DsDe
D:14 1 runed translucent door


Innate Abilities, Weirdness & Mutations

You cannot wear boots.
Your serpentine skin is tough. (AC +5)
You have supernaturally acute eyesight. (SInv)
Armour fits poorly on your strangely shaped body.
Your system is resistant to poisons. (rPois)
You cover ground very slowly.
You can spit poison.
You can use your snake-like lower body to constrict enemies.
Your spells are a little easier to cast, but a little less powerful.


Message History

You take 5 damage, and have 64/157 hp.
You barely miss the two-headed ogre. You grab the two-headed ogre.
The two-headed ogre is heavily wounded.
You constrict the two-headed ogre!
The two-headed ogre hits you but does no damage.
The two-headed ogre closely misses you.
You slash the two-headed ogre! You burn the two-headed ogre.
The two-headed ogre is almost dead.
You constrict the two-headed ogre.
You kill the two-headed ogre!
Trog accepts your kill.
An ogre mage comes into view. It is wielding a +0 spear.
You slash the deep troll! You burn the deep troll! You grab the deep troll.
The deep troll is moderately wounded.
You slash the redback zombie! You burn the redback zombie.
You constrict the deep troll. The redback zombie barely misses you.
The deep troll bites you but does no damage.
The deep troll misses you.
The deep troll claws you but does no damage.
The redback zombie misses you.
Unknown command.
Unknown command.
Unknown command.
You slice the deep troll!! You burn the deep troll!
The deep troll is almost dead.
You slash the redback zombie! You burn the redback zombie!
You constrict the deep troll.
You kill the deep troll!
Trog accepts your kill.
A tengu warrior comes into view. It is wielding a +0 battleaxe.
The redback zombie bites you but does no damage.
The ogre mage points at you and mumbles some strange words.
You suddenly lose the ability to move!
The tengu warrior hits you but does no damage.
The tengu warrior pecks you but does no damage.
The tengu warrior claws you.
The redback zombie bites you but does no damage.
The ogre mage points at you and mumbles some strange words.
The bolt of magma hits you! You partially resist. The redback zombie bites you!
* * * LOW HITPOINT WARNING * * *
The tengu warrior hits you but does no damage.
The tengu warrior pecks you but does no damage.
The tengu warrior claws you.
* * * LOW HITPOINT WARNING * * *
The redback zombie bites you but does no damage.
The ogre mage hits you but does no damage.
The redback zombie bites you but does no damage.
The ogre mage hits you but does no damage.
The tengu warrior hits you with a +0 battleaxe.
* * * LOW HITPOINT WARNING * * *
The tengu warrior pecks you but does no damage.
The tengu warrior claws you but does no damage.
The redback zombie bites you but does no damage.
The ogre mage completely misses you.
The redback zombie bites you but does no damage.
The tengu warrior hits you but does no damage.
The tengu warrior pecks you but does no damage.
The tengu warrior claws you but does no damage.
The ogre mage hits you but does no damage.
The redback zombie completely misses you.
The tengu warrior hits you with a +0 battleaxe!
* * * LOW HITPOINT WARNING * * *
The tengu warrior pecks you but does no damage.
The tengu warrior claws you.
* * * LOW HITPOINT WARNING * * *
The redback zombie bites you.
* * * LOW HITPOINT WARNING * * *
The ogre mage hits you from afar with a +0 spear.
* * * LOW HITPOINT WARNING * * *
The redback zombie bites you.
* * * LOW HITPOINT WARNING * * *
You can move again.
Items here: )) ††.
You take 52 damage, and have 13/157 hp.
MASSIVE DAMAGE!!
Unknown command.
Unknown command.
Unknown command.
Unknown command.
Unknown command.
It was a potion of invisibility.
You fade into invisibility!
A wind drake comes into view.
The ogre mage casts a spell at you. The bolt of magma hits you!
You partially resist.
* * * LOW HITPOINT WARNING * * *
The tengu warrior hits you but does no damage.
The tengu warrior misses you.
The tengu warrior claws you but does no damage.
The redback zombie bites you but does no damage.
You are very lightly contaminated with residual magic.
You take 10 damage, and have 3/157 hp.
Okay, then.
Unknown command.
Unknown command.
Unknown command.
Your skin crawls.
You feel strong-willed. The ogre mage barely misses you.
The redback zombie closely misses you.
The tengu warrior hits you with a +0 battleaxe.
You die...

... ...#. . ...... #
.. ...... .#.. .....#
#.. #..####.####
#.....O#..>#
#....#..Q..# .
#....#.#@..# .
#....#.Z#.#.# .##
#....#..)..#. ..#
#....#####.# ..#
####..........#
..####..............
.....................
............###......
.....######## ....


You could see a tengu warrior, an ogre mage and a redback zombie.

Vanquished Creatures
  Gastronok (Lair:3)
  A vampire knight (D:13)
  Snorg (Lair:5)
  An ettin (D:15)
  2 fire dragons (D:13)
  Harold (D:7)
  6 hydras
  An ogre mage (D:15)
  6 centaur warriors (D:13)
  4 boulder beetles (D:13)
  10 two-headed ogres
  2 tengu warriors (D:13)
  6 death yaks (Lair:4)
  A deep troll shaman (Lair:6)
  Urug (Lair:1)
  4 orc high priests
  A sun demon (Orc:2)
  A deep troll (D:15)
  2 unseen horrors (D:14)
  A lindwurm (Lair:6)
  A gelid demonspawn (Orc:2)
  Pikel (D:6)
  A wolf spider zombie (D:15)
  3 orc knights
  7 orc sorcerers
  4 ugly things
  A manticore (Lair:4)
  6 cyclopes
  4 elephants (Lair:6)
  4 gargoyles
  2 centaur zombies
  Joseph (D:8)
  3 black mambas (Lair:5)
  10 cane toads
  4 rime drakes (Lair:4)
  6 komodo dragons
  Psyche (D:9)
  An efreet (D:14)
  A tengu conjurer (D:15)
  A hellwing (Orc:2)
  An ice devil (Orc:2)
  A red devil (Orc:2)
  A harpy zombie (D:13)
  8 trolls
  3 polar bears
  9 slime creatures (D:13)
  7 dream sheep (Lair:6)
  Prince Ribbit (D:8)
  19 blink frogs
  A meliai zombie (D:14)
  3 water elementals (D:14)
  Sigmund (D:4)
  A centaur simulacrum (D:14)
  12 wyverns
  2 vampires
  A ynoxinul (Orc:2)
  5 wraiths
  34 yaks
  Grum (D:8)
  A human (D:6)
  A steam dragon (D:13)
  A chaos spawn (Orc:2)
  7 basilisks
  2 wargs
  14 vampire mosquitoes
  A soldier ant (D:14)
  2 acid dragons
  6 nagas (Lair:2)
  15 water moccasins
  A swamp drake (D:11)
  34 orc warriors
  8 sky beasts
  4 ice beasts
  6 black bears
  16 ogres
  30 wolves
  7 centaurs
  A lemure (D:6)
  3 phantoms
  4 kobold brigands
  2 gnoll sergeants
  2 wyvern zombies
  14 bullfrogs
  A water moccasin zombie (D:7)
  A wyvern skeleton (D:8)
  A scorpion (D:13)
  24 killer bees
  10 wights
  10 electric eels
  3 bullfrog zombies
  4 jellies
  A human zombie (D:6)
  22 orc priests
  A bullfrog skeleton (D:8)
  13 hounds
  4 centaur skeletons
  Jessica (D:3)
  6 iguanas
  26 orc wizards
  10 worker ants
  12 hell rats
  A hound skeleton (D:4)
  2 worker ant zombies
  14 gnolls
  9 adders
  3 howler monkey skeletons
  A shadow imp (D:8)
  3 white imps
  5 ufetubi
  An ooze (D:7)
  2 worms (D:3)
  2 dart slugs
  7 leopard geckos
  110 orcs
  3 ball pythons
  6 bats
  4 giant cockroaches
  5 goblins
  5 hobgoblins
  16 jackals
  3 quokkas
  3 frilled lizards
  A goblin skeleton (D:6)
  20 kobolds
  5 rats
789 creatures vanquished.

Vanquished Creatures (collateral kills)
  A catoblepas (Lair:6)
  3 death yaks (Lair:6)
  2 orc high priests (Orc:2)
  A torturous demonspawn (Orc:2)
  3 orc knights (Orc:2)
  2 orc sorcerers (Orc:2)
  A cyclops (D:13)
  A smoke demon (Orc:2)
  An orange demon (Orc:2)
  2 yaks (D:11)
  5 orc warriors
  A hound (D:13)
  2 orc priests
  An orc (D:11)
26 creatures vanquished.

Vanquished Creatures (others)
  A quokka skeleton (D:5)
  33 fungi
  58 plants
92 creatures vanquished.

Grand Total: 907 creatures vanquished

Notes
Turn   | Place    | Note
-------+----------+-------------------------------------------
     0 | D:1      | SkeletonJelly the Naga Berserker began the quest for the
                  | Orb.
     0 | D:1      | Reached XP level 1. HP: 21/21 MP: 1/1
   241 | D:1      | Reached XP level 2. HP: 26/28 MP: 2/2
   626 | D:1      | Reached skill level 1 in Stealth
   812 | D:1      | Reached XP level 3. HP: 34/34 MP: 3/3
  1548 | D:2      | Reached ** piety under Trog
  1626 | D:2      | Found a blossoming altar of Fedhas.
  1670 | D:2      | Reached XP level 4. HP: 33/43 MP: 2/4
  1921 | D:2      | Found a broken altar of Ashenzari.
  1994 | D:2      | Found an opulent altar of Gozag.
  2510 | D:3      | Noticed Jessica
  2523 | D:3      | Killed Jessica
  2524 | D:3      | Reached skill level 4 in Axes
  2524 | D:3      | Reached XP level 5. HP: 36/50 MP: 5/5
  3287 | D:4      | Reached XP level 6. HP: 58/58 MP: 6/6
  3334 | D:4      | Found a glowing silver altar of Zin.
  3334 | D:4      | Noticed an angel
  3425 | D:4      | Found a sacrificial altar of Ru.
  3609 | D:4      | Found a staircase to the Ecumenical Temple.
  3626 | D:4      | Noticed Sigmund
  3628 | D:4      | Reached *** piety under Trog
  3639 | D:4      | Killed Sigmund
  3640 | D:4      | Reached skill level 5 in Fighting
  3640 | D:4      | Reached skill level 5 in Axes
  3640 | D:4      | Reached XP level 7. HP: 5/67 MP: 1/7
  3697 | Temple   | Entered the Ecumenical Temple
  4074 | D:4      | Found a bloodstained altar of Trog.
  4216 | D:4      | Found a shimmering altar of Xom.
  4499 | D:5      | Entered Level 5 of the Dungeon
  4709 | D:5      | Found a white marble altar of Elyvilon.
  4853 | D:5      | Reached skill level 5 in Stealth
  4881 | D:5      | Reached XP level 8. HP: 76/76 MP: 8/8
  4881 | D:5      | Found a stormy altar of Qazlal.
  4905 | D:5      | Identified the +6 spear of Deformation {venom, rC+ Int+4}
  4905 | D:5      | Identified the +1 scale mail of Osepnoe {Str+4}
  4914 | D:5      | Found a transporter.
  4928 | D:5      | Found a transporter.
  4978 | D:5      | Noticed D12ThenQuit's ghost (weakling DsDe)
  5100 | D:5      | Reached skill level 6 in Axes
  5433 | D:5      | Found a shimmering blue altar of Sif Muna.
  5629 | D:6      | Found a runed translucent door.
  5631 | D:6      | Found a basalt altar of Yredelemnul.
  6067 | D:6      | Noticed Pikel
  6073 | D:6      | Paralysed by Pikel for 2 turns
  6077 | D:6      | Killed Pikel
  6078 | D:6      | Reached skill level 7 in Axes
  6078 | D:6      | Reached XP level 9. HP: 86/86 MP: 7/9
  6692 | D:7      | Found a glowing golden altar of the Shining One.
  6733 | D:7      | Noticed Harold
  6750 | D:7      | Killed Harold
  6751 | D:7      | Reached skill level 8 in Axes
  7082 | D:7      | Found a snail-covered altar of Cheibriados.
  7306 | D:7      | Got an ichor-stained whip
  7308 | D:7      | Identified the +8 whip of Jeic {freeze, rN+ SInv} (You
                  | found it on level 7 of the Dungeon)
  7787 | D:7      | Found an ornate altar of the Wu Jian Council.
  8052 | D:8      | Found Oxalaz's Distillery.
  8081 | D:8      | Reached XP level 10. HP: 82/97 MP: 7/10
  8270 | D:8      | Found a sparkling altar of Nemelex Xobeh.
  8274 | D:8      | Reached **** piety under Trog
  8275 | D:8      | Reached skill level 5 in Armour
  8296 | D:8      | Noticed Grum
  8312 | D:8      | Killed Grum
  8323 | D:8      | Reached skill level 9 in Axes
  8392 | D:8      | Found a burning altar of Makhleb.
  8444 | D:8      | Noticed Prince Ribbit
  8451 | D:8      | Killed Prince Ribbit
  8597 | D:8      | Noticed a two-headed ogre
  8673 | D:7      | Killed a two-headed ogre
  8921 | D:8      | Noticed Joseph
  8938 | D:8      | Killed Joseph
  9335 | D:8      | Found a hide-covered altar of Uskayaw.
 10100 | D:9      | Noticed Psyche
 10107 | D:9      | Killed Psyche
 10108 | D:9      | Reached skill level 10 in Axes
 10348 | D:9      | Reached skill level 10 in Fighting
 10647 | D:10     | Entered Level 10 of the Dungeon
 10647 | D:10     | Noticed a two-headed ogre
 10657 | D:10     | Killed a two-headed ogre
 10658 | D:10     | Reached XP level 11. HP: 73/108 MP: 6/11
 11668 | D:10     | Reached ***** piety under Trog
 11854 | D:10     | Found a staircase to the Lair.
 12476 | D:10     | Identified the +1 leather armour of the Forsaken Mouths
                  | {+Blink rF+ Will- Stlth+} (You found it on level 10 of the
                  | Dungeon)
 12525 | D:11     | Noticed a four-headed hydra
 12534 | D:11     | Killed a four-headed hydra
 12670 | D:11     | Noticed a green ugly thing
 12683 | D:11     | Killed a green ugly thing
 12683 | D:11     | Received a gift from Trog
 12710 | D:11     | Noticed a cyclops
 12719 | D:11     | Killed a cyclops
 12720 | D:11     | Reached skill level 11 in Axes
 12799 | D:11     | Found Cetighun's Book Boutique.
 12804 | D:11     | Found Omileh's Book Boutique.
 12806 | D:11     | Noticed a two-headed ogre
 12821 | D:11     | Killed a two-headed ogre
 12891 | D:11     | Found Guotwap's Magic Scroll Boutique.
 12902 | D:11     | Reached skill level 12 in Axes
 12902 | D:11     | Reached XP level 12. HP: 118/118 MP: 9/12
 13051 | D:11     | Found Plog's Distillery.
 13114 | D:11     | Found a staircase to the Orcish Mines.
 13314 | D:11     | Noticed a five-headed hydra
 13320 | D:11     | Killed a two-headed hydra
 13415 | D:11     | Reached skill level 13 in Axes
 13476 | D:11     | Found Xiqanox's Antique Armour Shop.
 13819 | Lair:1   | Entered Level 1 of the Lair of Beasts
 13949 | Lair:1   | Noticed a five-headed hydra
 13957 | Lair:1   | Killed a three-headed hydra
 14174 | Lair:1   | Noticed Urug
 14184 | Lair:1   | Killed Urug
 14185 | Lair:1   | Reached skill level 14 in Axes
 14499 | Lair:1   | Identified the +4 spear of Starshine {drain, Int+4} (You
                  | found it on level 1 of the Lair of Beasts)
 14510 | Lair:2   | Found a burning altar of Makhleb.
 15005 | Lair:2   | Received a gift from Trog
 15040 | Lair:2   | Found a staircase to the Snake Pit.
 15191 | Lair:2   | Reached skill level 15 in Axes
 15195 | Lair:2   | Gained mutation: You can use your snake-like lower body to
                  | constrict enemies. [Naga growth]
 15195 | Lair:2   | Reached XP level 13. HP: 118/124 MP: 11/13
 15905 | Lair:3   | Noticed Gastronok
 15912 | Lair:3   | Killed Gastronok
 16034 | Lair:3   | Reached skill level 16 in Axes
 16239 | Lair:3   | Found a staircase to the Swamp.
 16657 | Lair:4   | Reached skill level 5 in Dodging
 17274 | Lair:5   | Found a staircase to the Slime Pits.
 17274 | Lair:5   | Found a viscous altar of Jiyva.
 17442 | Lair:5   | Reached XP level 14. HP: 95/135 MP: 10/14
 17516 | Lair:5   | Noticed Snorg
 17528 | Lair:5   | Killed Snorg
 18104 | Lair:6   | Entered Level 6 of the Lair of Beasts
 18265 | Lair:6   | Reached skill level 17 in Axes
 18394 | Lair:6   | Received a gift from Trog
 18408 | Lair:6   | Got a crystal battleaxe {god gift}
 18409 | Lair:6   | Identified the +2 battleaxe of Red Wine {vorpal, rF+} (Trog
                  | gifted it to you on level 6 of the Lair of Beasts)
 19379 | Orc:1    | Entered Level 1 of the Orcish Mines
 19395 | Orc:1    | Found a roughly hewn altar of Beogh.
 19654 | Orc:1    | Found a roughly hewn altar of Beogh.
 19788 | Orc:2    | Entered Level 2 of the Orcish Mines
 19983 | Orc:2    | Found a staircase to the Elven Halls.
 20108 | Orc:2    | Found Seicuiq's General Store.
 20154 | Orc:2    | Received a gift from Trog
 20390 | Orc:2    | Found Xostixzuro's Magic Scroll Shop.
 20544 | Orc:2    | Paralysed by an orc sorcerer for 2 turns
 20621 | Orc:2    | Reached XP level 15. HP: 145/145 MP: 15/15
 20739 | Orc:2    | Found Siym's Antique Armour Emporium.
 20739 | Orc:2    | Found Tiqycs's Jewellery Shoppe.
 20739 | Orc:2    | Found a one-way gate leading to the halls of Pandemonium.
 20740 | Orc:2    | Gained mutation: Your spells are a little easier to cast,
                  | but a little less powerful. [a neqoxec]
 20874 | Orc:2    | Bought the amulet of the Tormentor {Acrobat rF+ rC+ Int+3
                  | SInv} for 984 gold pieces
 21164 | Lair:4   | Identified the +5 kite shield "Quasch" {Harm rCorr Str-5
                  | Int+3} (You found it on level 4 of the Lair of Beasts)
 21648 | D:12     | Reached skill level 18 in Axes
 21935 | D:12     | Found a roughly hewn altar of Beogh.
 23092 | D:13     | Received a gift from Trog
 24355 | D:13     | Found a shimmering altar of Xom.
 25025 | D:14     | Found a gate to the Vaults.
 25067 | D:14     | Reached XP level 16. HP: 153/156 MP: 16/16
 25137 | D:14     | Found a runed translucent door.
 25486 | D:14     | Received a gift from Trog
 25862 | D:15     | Entered Level 15 of the Dungeon
 25889 | D:15     | Reached skill level 10 in Armour
 26166 | D:15     | Found a staircase to the Depths.
 26174 | D:15     | Reached skill level 19 in Axes
 26180 | D:15     | Paralysed by an ogre mage for 7 turns
 26187 | D:15     | HP: 3/157 [ogre mage/bolt of magma (10)]
 26188 | D:15     | Slain by a tengu warrior

Illustrated notes

Levels and vault maps discovered:
D:1:      dpeg_arrival_prison, layout_loops_ring
D:2:      layout_basic, ashenzari_altar_1, grunt_gozag_breadcrumbs,
          fedhas_altar_2, minmay_misc_feat_hallway
D:3:      layout_basic, uniq_jessica
D:4:      layout_cave_pools, grunt_temple_overflow_order_and_chaos_1,
          nicolae_ru_sacrificial_ziggurat, lightli_temple_of_fire,
          minmay_temple_entry_proselytizer, dk_rats_in_the_wall, uniq_sigmund
D:5:      layout_loops_ring, lemuel_coloured_pillars_altar,
          lemuel_blue_sif_altar, elyvilon_altar_4,
          gammafunk_ghost_gnarly_gnolls, minmay_misc_feat_iff
D:6:      layout_loops_ring, dk_yredelemnul_ordeal, uniq_pikel
D:7:      layout_basic, pdpol_wu_jian_five_deadly_venoms, lemuel_doored_altar,
          old_standard_altar, kennysheep_generic_room_12, uniq_harold
D:8:      layout_basic, kennysheep_mini, makhleb_heckhound_becter,
          old_standard_altar, serial_shops, shop, uniq_joseph, uniq_grum,
          uniq_prince_ribbit1
D:9:      layout_stronghold, uniq_psyche
D:10:     layout_basic, erik_lair_island, eino_jars
D:11:     kennysheep_spiral_hall, layout_basic, erik_orc_1, serial_shops, shop,
          shop, shop, shop, shop
D:12:     layout_rooms, special_room [special_room_orc]
D:13:     minmay_the_grid_square_5x5_5x5_mashed [minmay_the_grid_square_5x5_v,
          minmay_the_grid_square_5x5_fat_x, minmay_the_grid_square_5x5_inner_i,
          minmay_the_grid_square_5x5_n,
          minmay_the_grid_square_5x5_inverted_slash,
          minmay_the_grid_square_5x5_half_checkered,
          minmay_the_grid_square_5x5_prize_itemx,
          minmay_the_grid_square_5x5_two_walls_a,
          minmay_the_grid_square_5x5_prize_monsterx,
          minmay_the_grid_square_5x5_three_walls,
          minmay_the_grid_square_5x5_spiral_small,
          minmay_the_grid_square_5x5_eight,
          minmay_the_grid_square_5x5_prize_rear_guard,
          minmay_the_grid_square_5x5_checkered_statues,
          minmay_the_grid_square_5x5_pentomino_r,
          minmay_the_grid_square_5x5_detours,
          minmay_the_grid_square_5x5_prize_junk, minmay_the_grid_square_5x5_two,
          minmay_the_grid_square_5x5_prize_snowflake,
          minmay_the_grid_square_5x5_inner_z,
          minmay_the_grid_square_5x5_checkered_sparse,
          minmay_the_grid_square_5x5_tie, minmay_the_grid_square_5x5_bridge,
          minmay_the_grid_square_5x5_longway,
          minmay_the_grid_square_5x5_shuriken], layout_layer_cave, tgw_xom
D:14:     cheibrodos_shockbox, layout_basic, hex_medium,
          amcnicky_mini_rare_corridor_liquid, kennysheep_generic_room_6
D:15:     hangedman_depths_entry_civil_slaughter, layout_irregular_city,
          palyth_stone_intersect, serial_undead, serial_undead_b,
          serial_undead_d, serial_undead_c, serial_undead_d,
          nrook_mini_backslash, st_stairs_12, uniq_rupert
Temple:   corrupted_temple
Lair:1:   layout_misc_corridors, uniq_urug
Lair:2:   layout_cave_pods, minmay_snake_entry_guardpost_large, special_room,
          basic_altar, serial_bayou_shore_a
Lair:3:   layout_chaotic_city, minmay_swamp_entry_swarm, lemuel_fruit_fields,
          infiniplex_staircase_pool_2, uniq_gastronok
Lair:4:   layout_gridlike, special_room [special_room_mythical_zoo],
          lemuel_fruit_tree
Lair:5:   layout_regular_city, slime_altar_1, wad_woods_river_01, uniq_snorg
Lair:6:   grunt_lair_end_beastmaster, layout_cave_pods, st_stairs_8
Orc:1:    layout_diamond_mine, basic_altar, kennysheep_orc_chapel
Orc:2:    pf_orc_diabolical, layout_caves

Skill      XL: |  1  2  3  4  5  6  7  8  9 10 11 12 13 14 15 16 |
---------------+-------------------------------------------------+-----
Stealth        | 1 2 4 5 6 8 |  8.0
Armour         | 2 3 4 6 7 8 9 10 | 10.1
Dodging        | 2 4 5 6 8 |  8.5
Fighting       | 4 5 7 8 10 11 12 13 | 13.3
Axes           | 4 5 7 8 10 12 15 16 17 18 19 | 19.0

Action                   |  1- 3 |  4- 6 |  7- 9 | 10-12 | 13-15 | 16-18 || total
-------------------------+-------+-------+-------+-------+-------+-------++-------
Melee: Hand axe          |   137 |   153 |    11 |       |       |       ||   301
       Battleaxe         |       |       |   188 |       |       |       ||   188
       Whip              |       |       |    37 |   340 |       |       ||   377
       Executioner's axe |       |       |       |   177 |   656 |    64 ||   897
       Constrict         |       |       |       |       |   132 |    13 ||   145
Throw: Dart              |       |       |       |     1 |       |       ||     1
Invok: Berserk           |     1 |     2 |     3 |    12 |     7 |       ||    25
       Trog's Hand       |       |       |     1 |     2 |     4 |     1 ||     8
       Brothers in Arms  |       |       |       |     1 |     6 |       ||     7
 Abil: Spit Poison       |    13 |    16 |     6 |     7 |     7 |       ||    49
Evoke: Wand              |       |     3 |     1 |    16 |     2 |       ||    22
       Tin of tremorston |       |       |       |       |     1 |       ||     1
  Use: Scroll            |       |       |     7 |     5 |     6 |       ||    18
       Potion            |       |       |       |       |       |     1 ||     1
 Stab: Sleeping          |     1 |       |     8 |    10 |    14 |     2 ||    35
       Distracted        |     1 |       |       |     1 |       |       ||     2
       Paralysed         |       |       |       |     2 |       |       ||     2
Armor: Animal skin       |    27 |    23 |       |       |       |       ||    50
       Robe              |       |    22 |    80 |    88 |       |       ||   190
       Troll leather arm |       |       |       |    89 |   177 |       ||   266
       Acid dragon scale |       |       |       |       |    54 |    67 ||   121
       Fire dragon scale |       |       |       |       |    10 |       ||    10
Dodge: Dodged            |   115 |   131 |   184 |   476 |   522 |    57 ||  1485

Table legend: (Time is in decaauts)
 A = Elapsed time spent in this place.
 B = Non-inter-level travel time spent in this place.
 C = Inter-level travel time spent in this place.
 D = Time resting spent in this place.
 E = Time spent auto-exploring this place.
 F = Levels seen in this place.
 G = Mean time per level.
                   A        B        C        D        E       F      G
               +--------+--------+--------+--------+--------+-----+--------+
         Total |  33103 |  30856 |   2247 |   1294 |  24399 |  24 | 1379.3 |
       Dungeon |  23092 |  21733 |   1359 |   1059 |  17131 |  15 | 1539.5 |
        Temple |    294 |    278 |     16 |      0 |    275 |   1 |  294.0 |
          Lair |   7688 |   6964 |    724 |    120 |   5825 |   6 | 1281.3 |
  Orcish Mines |   2028 |   1882 |    146 |    115 |   1166 |   2 | 1014.0 |
               +--------+--------+--------+--------+--------+-----+--------+

Top non-repeatable levels by time:
    D:13: 3331 daAuts
     D:7: 2109 daAuts
    D:11: 2072 daAuts
    D:10: 2018 daAuts
     D:9: 1709 daAuts
     D:1: 1564 daAuts
  Lair:2: 1501 daAuts
   Orc:2: 1468 daAuts
     D:6: 1460 daAuts
    D:14: 1441 daAuts
     D:8: 1421 daAuts
  Lair:6: 1403 daAuts
  Lair:5: 1382 daAuts
     D:3: 1299 daAuts
     D:5: 1280 daAuts
